Map: [TLMC19] Anomaly Found

Players

BlyOnFire (Bly) - Winner!

  • Race: Zerg Zerg
  • Spawn Location: 11:00

Strange

  • Race: Protoss Protoss
  • League: Grandmaster
  • Spawn Location: 5:00

VOD

Have the link to the VOD?

Description

Time

  • Played on: Dec. 19, 2023, 6:31 a.m.
  • Length: 7:10
Show
View Real Time Build Order
Export as new Build Order

BlyOnFire Zerg - Winner!

Build Orders: Pool First 

Get SALT Encoding   

  12  0:00  Drone  
  13  0:12  Overlord  
  13  0:17  Drone  
  14  0:33  Spawning Pool  
  13  0:37  Drone  
  13  0:42  Drone  
  15  0:46  Drone  
  16  1:06  Hatchery  
  16  1:10  Drone  
  16  1:12  Drone  
  17  1:21  Zergling x4  
  19  1:26  Extractor  
  19  1:31  Zergling x2  
  19  1:33  Queen  
  21  1:45  Overlord  
  21  1:53  Drone  
  22  2:14  Queen  
  24  2:22  Drone x2  
  26  2:25  Queen  
  28  2:35  Drone x2  
  28  2:36  Drone  
  31  2:37  Metabolic Boost  
  31  2:42  Overlord  
  31  2:47  Drone x3  
  31  2:50  Drone  
  35  3:08  Hatchery  
  34  3:13  Drone  
  34  3:14  Drone  
  36  3:20  Zergling x4  
  36  3:22  Drone x2  
  40  3:27  Drone x2  
  40  3:28  Drone  
  43  3:37  Evolution Chamber  
  41  3:45  Spore Crawler, Drone  
  41  3:46  Drone x3  
  45  3:49  Spore Crawler  
  45  3:52  Overlord  
  45  3:53  Overlord  
  44  3:59  Overlord  
  44  4:04  Overlord  
  44  4:10  Unknown  
  44  4:16  Queen, Overlord  
  45  4:18  Spore Crawler  
  45  4:20  Drone x3  
  45  4:24  Drone x2  
  49  4:35  Drone x4  
  49  4:37  Spore Crawler  
  52  4:48  Overlord  
  52  4:55  Roach Warren  
  52  4:56  Overlord  
  52  4:57  Zergling x10  
  53  5:22  Overlord x2  
  53  5:35  Roach x13  
  79  5:36  Roach  
  80  5:52  Queen x2  
  84  6:01  Ravager x6  
  90  6:13  Zergling x16  
  90  6:15  Overlord x3  
  95  6:22  Ravager x3  
  95  6:23  Overlord  
  98  6:29  Overlord x2  
  91  6:43  Zergling x20  
Show
View Real Time Build Order
Export as new Build Order

Strange Protoss 

Build Orders: 1 Gate Expand, Phoenix Opening 

Get SALT Encoding   

  12  0:00  Probe  
  13  0:12  Probe  
  14  0:19  Pylon  
  14  0:24  Probe  
  15  0:37  Probe (Chrono Boost)  
  15  0:40  Gateway  
  16  0:46  Probe (Chrono Boost)  
  17  0:50  Assimilator  
  17  0:52  Probe  
  18  1:04  Probe  
  19  1:16  Probe  
  20  1:25  Nexus  
  20  1:36  Cybernetics Core  
  21  1:41  Zealot (Chrono Boost)  
  22  1:50  Pylon  
  22  1:58  Gateway  
  22  2:12  Adept (Chrono Boost)  
  24  2:25  Probe  
  24  2:26  Assimilator  
  25  2:33  Stargate  
  26  2:37  Probe  
  26  2:40  Adept (Chrono Boost), Probe  
  28  2:49  Probe  
  29  2:52  Probe  
  29  2:58  Warp Gate  
  30  3:01  Probe  
  30  3:04  Probe  
  32  3:13  Probe  
  32  3:16  Probe  
  32  3:18  Phoenix (Chrono Boost)  
  36  3:25  Probe  
  37  3:29  Pylon, Probe  
  38  3:37  Probe  
  38  3:41  Probe  
  40  3:47  Phoenix (Chrono Boost)  
  38  3:49  Probe  
  38  3:53  Probe  
  40  3:57  Adept  
  40  4:01  Probe  
  43  4:05  Robotics Facility, Probe  
  44  4:11  Assimilator  
  44  4:13  Assimilator, Probe  
  45  4:17  Probe  
  45  4:19  Gateway  
  45  4:21  Shield Battery  
  46  4:26  Probe  
  46  4:29  Pylon, Probe  
  48  4:38  Probe  
  49  4:41  Probe, Pylon, Phoenix  
  52  4:47  Adept  
  52  4:50  Probe  
  55  4:53  Probe, Immortal (Chrono Boost)  
  60  5:02  Probe  
  60  5:06  Phoenix (Chrono Boost)  
  61  5:15  Probe  
  61  5:18  Robotics Bay  
  61  5:20  Forge, Probe  
  61  5:23  Pylon  
  61  5:28  Observer, Phoenix (Chrono Boost)  
  62  5:31  Pylon  
  62  5:32  Sentry  
  66  5:35  Pylon  
  66  5:40  Zealot, Sentry  
  70  5:43  Pylon  
  70  6:04  Nexus  
  70  6:05  Pylon  
  70  6:07  Zealot  
  72  6:13  Colossus (Chrono Boost)  
  78  6:26  Probe, Photon Cannon  
  78  6:28  Probe  
  78  6:29  Shield Battery  
  76  6:45  Adept x2  
  67  6:48  Zealot  
Tags
 
Add a new tag
Caveats
  • Supply blocks, unpowered buildings, or Contaminate may cause inaccurate times.
  • Supply counts are checked every 10 seconds.